 Dungeon Crawl Stone Soup version 0.26-a0-707-g31817bcca1 (webtiles) character file.

Game seed: 5313861463297814796

4918 blackashell the Grappler (level 10, -1/91 HPs)
             Began as a Troll Fighter on Oct 25, 2020.
             Was an Elder of Wu Jian.
             Slain by a gnoll
             ... wielding a +0 spear
              (11 damage)
             ... on level 1 of the Orcish Mines on Oct 26, 2020.
             The game lasted 01:47:28 (6721 turns).

blackashell the Grappler (Troll Fighter)            Turns: 6721, Time: 01:47:28

Health: -1/91      AC: 10    Str: 26    XL:     10   Next: 27%
Magic:  9/9        EV: 12    Int:  4    God:    Wu Jian [****..]
Gold:   321        SH:  0    Dex: 12    Spells: 9/9 levels left

rFire    + . .     SeeInvis .     - Unarmed
rCold    x . .     Faith    .   (no shield)
rNeg     . . .     Spirit   .   f - +2 robe {BDE}
rPois    .         Reflect  .   O - +2 hat
rElec    .         Harm     .   (no cloak)
rCorr    .         Rampage  .   (gloves unavailable)
MR       .....                  (boots unavailable)
Stlth    +.........             s - amulet of the acrobat
HPRegen  0.65/turn              t - ring of fire
MPRegen  0.11/turn              (no ring)

@: studying Maces & Flails, lightly drained
A: large, unfitting armour, claws 3, regeneration 1, shaggy fur 1, tough skin 3
a: Wall Jump, Serpent's Lash, Renounce Religion


You were on level 1 of the Orcish Mines.
You worshipped Wu Jian.
Wu Jian was greatly pleased with you.
You visited 3 branches of the dungeon, and saw 11 of its levels.
You also visited: Ossuary and Bailey.

You collected 391 gold pieces.
You spent 70 gold pieces at shops.

Inventory:

Hand Weapons
 j - a +0 dagger
 D - a +4 halberd
Missiles
 d - 256 stones (quivered)
Armour
 a - a +0 robe
 b - a +0 kite shield
 f - a +2 robe (worn) {BDE}
 i - a +2 ring mail of fire resistance
 m - a +0 pair of boots
 r - a +0 chain mail
 O - a +2 hat (worn)
Jewellery
 s - an amulet of the acrobat (around neck)
 t - a ring of fire (left claw)
 z - a +6 ring of dexterity {unknown}
 E - the amulet of Vitality {Regen+ HP+15}
   (You found it on level 7 of the Dungeon)

   [amulet of regeneration]

   It affects your health (+15).
   It increases your rate of regeneration.
 L - an uncursed ring of positive energy {unknown}
Wands
 v - a wand of flame (34)
 B - a wand of paralysis (15)
Scrolls
 e - a scroll of random uselessness
 k - 4 scrolls of immolation
 l - a scroll of fog
 n - a scroll of noise {unknown}
 o - a scroll of teleportation
 p - 6 scrolls of remove curse
 y - 5 scrolls of identify
 A - a scroll of vulnerability {unknown}
 C - 2 scrolls of magic mapping {unknown}
 F - a scroll of enchant weapon {unknown}
 G - a scroll of brand weapon {unknown}
 H - 2 scrolls of blinking {unknown}
Potions
 c - a potion of brilliance
 g - 3 potions of lignification
 q - 3 potions of ambrosia
 u - 3 potions of heal wounds
 w - 3 potions of cancellation
 x - 2 potions of stabbing
 I - a potion of mutation {unknown}
 J - 2 potions of berserk rage {unknown}
 K - a potion of might
 M - a potion of flight
 N - a potion of invisibility
Books
 h - a manual of Maces & Flails


   Skills:
 + Level 3.6(3.1) Fighting
 + Level 5.2(4.7) Throwing
 * Level 5.9(5.4) Dodging
 - Level 2.6(2.2) Shields
 * Level 11.8(11.2) Unarmed Combat


You had 9 spell levels left.
You didn't know any spells.
Your spell library was empty.

Dungeon Overview and Level Annotations

Branches:
Dungeon (9/15)             Temple (1/1) D:4            Lair (0/6) D:8
    Orc (1/2) D:9         Ossuary (visited)          Bailey (visited)

Altars:
Ashenzari
Cheibriados
Dithmenos
Elyvilon
Fedhas
Gozag
Hepliaklqana
Kikubaaqudgha
Makhleb
Nemelex Xobeh
Okawaru
Qazlal
Ru
Sif Muna
Trog
Uskayaw
Vehumet
Wu Jian
Xom
Yredelemnul
Zin
The Shining One
Lugonu

Shops:
D:4 (   D:9 *

Annotations:
D:7 2 runed translucent doors, tazzadar's ghost, novice TrMo
Orc:1 Erica


Innate Abilities, Weirdness & Mutations

You are too large for most types of armour.
You have claws for hands.
Your natural rate of healing is unusually fast.
You are covered in fur. (AC +1)
You have extremely tough skin. (AC +3)


Message History

The gnoll sergeant closely misses you. The orc sorcerer barely misses you.
An orc comes into view.
It is wielding a +1 dagger of holy wrath.
The orc warrior closely misses you. The sixfirhy hits you!
* * * LOW HITPOINT WARNING * * *
The sixfirhy shocks you!
* * * LOW HITPOINT WARNING * * *
You spin and attack the orc warrior.
The orc shouts!
You claw the orc warrior!
The orc warrior is moderately wounded.
You hear a shout!
The orc throws a boomerang.
The boomerang barely misses you.
The weapon returns to the orc!
A gnoll comes into view. It is wielding a +0 flail.
There is a staircase back to the Dungeon, spattered with blood here.
Things that are here:
a +0 troll leather armour; a troll corpse You can't go down here!
The gnoll hits you from afar with a +0 spear!
You die...

## ### ##.##
##.##....#
##..(....#
##.#.....##
#.........##
#...@......#
##..3o(.......
##...ogg.o.....
#.....{.o......
##......g......
##..$..o.oo...
.......o.go(.
.........$.g...
....##..........


You could see a sixfirhy (summoned), an orc sorcerer, an orc warrior, a gnoll
sergeant, an orc priest, 4 gnolls and 6 orcs.

Vanquished Creatures
  A two-headed ogre (D:9)
  A troll (Orc:1)
  A yak (D:4)
  A warg (Orc:1)
  A water moccasin (D:9)
  An ice beast (D:8)
  5 necrophages (D:8)
  3 orc warriors (D:9)
  A hornet zombie (D:8)
  3 sky beasts
  4 ogres
  A black bear (D:8)
  A centaur (D:7)
  A bullfrog (D:7)
  A jelly (D:6)
  8 scorpions
  6 killer bees (D:8)
  8 wights
  3 human zombies (Ossuary)
  A bullfrog zombie (D:7)
  3 orc priests (D:6)
  2 centaur zombies
  A centaur skeleton (D:8)
  2 hounds
  4 orc wizards
  5 worker ants
  A killer bee zombie (D:8)
  2 big kobold zombies (Ossuary)
  A hound zombie (D:8)
  2 hound skeletons
  5 mummies
  A worker ant zombie (D:9)
  3 gnolls (D:7)
  7 scorpion zombies (Ossuary)
  4 adders
  2 shadow imps (D:8)
  2 white imps
  2 ufetubi
  An adder zombie (D:8)
  A worm (D:4)
  5 leopard geckos
  23 orcs
  4 bats
  4 giant cockroaches
  A gnoll zombie (Ossuary)
  7 goblins
  4 hobgoblins
  12 jackals
  5 kobolds
  4 quokkas
  2 ball pythons
  4 frilled lizards
  A hobgoblin zombie (Ossuary)
  2 kobold zombies (Ossuary)
  A leopard gecko skeleton (D:4)
  2 orc zombies (Ossuary)
  6 rats
190 creatures vanquished.

Vanquished Creatures (others)
  3 withered plants (D:8)
3 creatures vanquished.

Grand Total: 193 creatures vanquished

Notes
Turn   | Place    | Note
-------+----------+-------------------------------------------
     0 | D:1      | blackashell the Troll Fighter began the quest for the Orb.
     0 | D:1      | Reached XP level 1. HP: 22/22 MP: 0/0
   386 | D:1      | Reached XP level 2. HP: 29/29 MP: 1/1
   808 | D:2      | Reached XP level 3. HP: 35/36 MP: 2/2
  1073 | D:3      | Found an ornate altar of the Wu Jian Council.
  1077 | D:3      | Found a bloodstained altar of Trog.
  1081 | D:3      | Found a white marble altar of Elyvilon.
  1083 | D:3      | Found a sparkling altar of Nemelex Xobeh.
  1083 | D:3      | Found an opulent altar of Gozag.
  1086 | D:3      | Found a glowing golden altar of the Shining One.
  1086 | D:3      | Found a blossoming altar of Fedhas.
  1087 | D:3      | Found a basalt altar of Yredelemnul.
  1124 | D:3      | Became a worshipper of the Wu Jian Council
  1589 | D:3      | Reached skill level 3 in Unarmed Combat
  1589 | D:3      | Reached XP level 4. HP: 42/44 MP: 3/3
  1707 | D:4      | Reached skill level 1 in Throwing
  1757 | D:4      | Found a staircase to the Ecumenical Temple.
  1772 | Temple   | Entered the Ecumenical Temple
  1980 | D:4      | Noticed an ogre
  1985 | D:4      | Upgraded the game from 0.26-a0-694-g74916bafe0 to
                  | 0.26-a0-707-g31817bcca1
  1995 | D:4      | Killed an ogre
  1995 | D:4      | Reached skill level 4 in Unarmed Combat
  1995 | D:4      | Reached XP level 5. HP: 26/52 MP: 4/4
  2043 | D:4      | Noticed an ogre
  2059 | D:4      | Killed an ogre
  2059 | D:4      | Reached XP level 6. HP: 50/59 MP: 5/5
  2279 | D:4      | Noticed a yak
  2292 | D:4      | Killed a yak
  2292 | D:4      | Reached skill level 5 in Unarmed Combat
  2293 | D:4      | Reached * piety under Wu Jian
  2413 | D:4      | Found Tiaseel's Weapon Emporium.
  2722 | D:5      | Entered Level 5 of the Dungeon
  2722 | D:5      | Found a hazy altar of Hepliaklqana.
  2882 | D:5      | Reached XP level 7. HP: 63/66 MP: 6/6
  2931 | D:5      | Found a stormy altar of Qazlal.
  2957 | D:5      | Found a sacrificial altar of Ru.
  3011 | D:5      | Reached skill level 6 in Unarmed Combat
  3481 | D:6      | Found a white marble altar of Elyvilon.
  3730 | D:6      | Reached skill level 7 in Unarmed Combat
  3889 | D:6      | Reached XP level 8. HP: 47/75 MP: 7/7
  4346 | D:7      | Found a flagged portal.
  4359 | Bailey   | Entered a bailey
  4377 | D:7      | Reached skill level 8 in Unarmed Combat
  4403 | D:7      | Reached ** piety under Wu Jian
  4413 | D:7      | Found the amulet of Vitality {Regen+ HP+15}
  4437 | D:7      | Found a sand-covered staircase.
  4446 | Ossuary  | Entered an ossuary
  4663 | Ossuary  | Reached skill level 9 in Unarmed Combat
  5002 | D:7      | Found a runed translucent door.
  5002 | D:7      | Found a shimmering altar of Xom.
  5002 | D:7      | Noticed a +0 short sword of chaos
  5002 | D:7      | Noticed tazzadar's ghost (novice TrMo)
  5097 | D:7      | Found a shadowy altar of Dithmenos.
  5107 | D:7      | Reached XP level 9. HP: 55/83 MP: 8/8
  5199 | D:7      | Reached *** piety under Wu Jian
  5206 | D:7      | Found a glowing golden altar of the Shining One.
  5207 | D:7      | Noticed an angel
  5209 | D:7      | Found a runed translucent door.
  5364 | D:7      | Reached skill level 5 in Dodging
  5534 | D:8      | Reached skill level 10 in Unarmed Combat
  5933 | D:8      | Reached skill level 11 in Unarmed Combat
  6111 | D:8      | Found a staircase to the Lair.
  6233 | D:8      | Found a hazy altar of Hepliaklqana.
  6235 | D:8      | Found a shimmering altar of Xom.
  6236 | D:8      | Noticed a spectral ugly thing
  6364 | D:9      | Found Yke Foci's General Store.
  6375 | D:9      | Found a broken altar of Ashenzari.
  6376 | D:9      | Found an iron altar of Okawaru.
  6385 | D:9      | Bought a potion of heal wounds for 70 gold pieces
  6431 | D:9      | Noticed a two-headed ogre
  6445 | D:9      | Killed a two-headed ogre
  6445 | D:9      | Reached skill level 5 in Throwing
  6445 | D:9      | Reached XP level 10. HP: 37/91 MP: 9/9
  6549 | D:9      | Found a staircase to the Orcish Mines.
  6638 | D:9      | Reached **** piety under Wu Jian
  6699 | Orc:1    | Entered Level 1 of the Orcish Mines
  6701 | Orc:1    | Noticed Erica
  6706 | Orc:1    | Noticed an orc sorcerer
  6710 | Orc:1    | Noticed a sixfirhy
  6721 | Orc:1    | Slain by a gnoll

Illustrated notes

Levels and vault maps discovered:
D:1:      nagdon_arrival_double_spiral, layout_loops_ring
D:2:      layout_basic
D:3:      layout_basic, grunt_temple_overflow_open
D:4:      layout_basic, minmay_temple_entry_glassed_door, serial_shops,
          nicolae_shop_waterfront, minmay_manual_mullet
D:5:      layout_cave_pools, lemuel_doored_altar, kennysheep_mini, basic_altar
D:6:      layout_loops_ring, basic_altar, chequers_serial_rivers_micro_e,
          minmay_door_square, grunt_ministairs_11
D:7:      layout_basic, nicolae_dithmenos_through_a_glass_darkly,
          ebering_ghost_xom, enter_bailey_2, gup_ossuary_entry_pyramid,
          lemuel_angel_altar
D:8:      layout_gridville, regret_index_temple_of_mockery, lair_entry_dummy,
          serial_undead, serial_undead_b, serial_undead_f, serial_undead_d,
          serial_undead_d
D:9:      layout_irregular_city, cheibrodos_ashenzari_chains,
          lemuel_crystal_altar, david_orc_3, serial_shops,
          nicolae_shop_waterfront
Temple:   corrupted_temple
Orc:1:    layout_caves, basic_altar, uniq_maurice, uniq_erica

Skill      XL: |  1  2  3  4  5  6  7  8  9 |
---------------+----------------------------+-----
Unarmed Combat | 3 4 5 7 9 11 | 11.8
Throwing       | 1 2 3 5 |  5.2
Dodging        | 3 4 5 |  5.9
Fighting       | 3 |  3.6
Shields        | |  2.6

Action                   |  1- 3 |  4- 6 |  7- 9 | 10-12 || total
-------------------------+-------+-------+-------+-------++-------
Melee: Unarmed           |   123 |    69 |   357 |    52 ||   601
       Punch             |       |     4 |    13 |       ||    17
Throw: Stone             |    54 |    35 |    89 |    11 ||   189
       Boomerang         |       |       |    58 |       ||    58
Invok: Lunge             |     2 |     4 |    17 |     1 ||    24
       Whirlwind         |       |       |    96 |    34 ||   130
Evoke: Wand              |       |       |       |     1 ||     1
  Use: Potion            |     1 |     1 |     3 |     3 ||     8
       Scroll            |       |     3 |    12 |       ||    15
 Stab: Sleeping          |     1 |       |       |       ||     1
Armor: Robe              |    41 |    17 |    57 |    16 ||   131
Dodge: Dodged            |    38 |    40 |   162 |    34 ||   274
Block: Kite shield       |    16 |       |       |       ||    16

Table legend: (Time is in decaauts)
 A = Elapsed time spent in this place.
 B = Non-inter-level travel time spent in this place.
 C = Inter-level travel time spent in this place.
 D = Time resting spent in this place.
 E = Time spent auto-exploring this place.
 F = Levels seen in this place.
 G = Mean time per level.
                   A        B        C        D        E       F      G
               +--------+--------+--------+--------+--------+-----+--------+
         Total |   6755 |   5829 |    926 |      0 |   2169 |  13 |  519.6 |
       Dungeon |   6222 |   5296 |    926 |      0 |   2169 |   9 |  691.3 |
        Temple |     55 |     55 |      0 |      0 |      0 |   1 |   55.0 |
  Orcish Mines |     20 |     20 |      0 |      0 |      0 |   1 |   20.0 |
       Ossuary |    445 |    445 |      0 |      0 |      0 |   1 |  445.0 |
        Bailey |     11 |     11 |      0 |      0 |      0 |   1 |   11.0 |
               +--------+--------+--------+--------+--------+-----+--------+

Top non-repeatable levels by time:
     D:6: 1017 daAuts
     D:4: 1000 daAuts
     D:8: 845 daAuts
     D:3: 699 daAuts
     D:7: 649 daAuts
     D:5: 596 daAuts
     D:2: 538 daAuts
     D:1: 497 daAuts
 Ossuary: 445 daAuts
     D:9: 377 daAuts
  Temple: 55 daAuts
   Orc:1: 20 daAuts
  Bailey: 11 daAuts
